 Dungeon Sprint DCSS version 0.21-a0-372-gd0ff781 (webtiles) character file.

10 Kidiri the Magician (level 2, -1/15 HPs)
             Began as a Deep Elf Fire Elementalist on Oct 16, 2017.
             Killed by nerve-wracking pain
             ... invoked by Jessica
              (8 damage)
             ... in the Dungeon (Sprint III: "The Ten Rune Challenge").
             The game lasted 00:01:00 (161 turns).

Kidiri the Magician (Deep Elf Fire Elementalist)     Turns: 161, Time: 00:01:01

Health: -1/15      AC:  2    Str:  5    XL:     2   Next: 10%
Magic:  1/10       EV: 13    Int: 17    God:
Gold:   0          SH:  0    Dex: 15    Spells: 10/11 levels left

rFire    . . .     SeeInvis .   (no weapon)
rCold    . . .     Gourm    .   (no shield)
rNeg     . . .     Faith    .   a - +0 robe
rPois    .         Spirit   .   (no helmet)
rElec    .         Reflect  .   (no cloak)
rCorr    .         Harm     .   (no gloves)
MR       .....     NoTele   +   (no boots)
Stlth    ++........             (no amulet)
HPRegen  0.05/turn              j - -2 ring of intelligence (curse)
MPRegen  0.12/turn              (no ring)

@: slowed, very slow
A: no striking features
a: no special abilities


You were in the Dungeon.
You were not hungry.

You visited 1 branch

Inventory:

Armour
 a - a +0 robe (worn)
Jewellery
 j - a cursed -2 ring of intelligence (left hand)
Scrolls
 i - a scroll of blinking
Potions
 d - a potion of curing
 e - a potion of heal wounds
 f - a potion of haste
 g - 2 potions of magic
 h - a potion of berserk rage
Books
 b - a book of Flames

   Spells                             Type                      Level
   a - Flame Tongue                   Conjuration/Fire             1
   b - Throw Flame                    Conjuration/Fire             2
   c - Conjure Flame                  Conjuration/Fire             3
   d - Inner Flame                    Hexes/Fire                   3
   e - Sticky Flame                   Conjuration/Fire             4
   f - Fireball                       Conjuration/Fire             5
Comestibles
 c - a bread ration


   Skills:
 - Level 2.4 Dodging
 - Level 2.4 Stealth
 * Level 5.0 Spellcasting
 + Level 2.4 Conjurations
 + Level 4.0 Fire Magic


You had 10 spell levels left.
You knew the following spells:

 Your Spells              Type           Power        Failure   Level  Hunger
a - Flame Tongue          Conj/Fire      ###..        3%          1    None


Dungeon Overview and Level Annotations

Branches:
Dungeon (1/1)

Altars:

Annotations:
D Jessica


Message History

Jessica completely misses you. Jessica barely misses you.
You hit Jessica.
Jessica is severely wounded.
Jessica points at you and mumbles some strange words.
You resist with some effort.
You hit Jessica but do no damage.
Jessica is severely wounded.
Jessica hits you. x2
You hit Jessica.
Jessica is almost dead.
Jessica closely misses you.
You barely miss Jessica.
Jessica is almost dead.
Jessica closely misses you. Jessica hits you.
You barely miss Jessica.
Jessica is almost dead.
Jessica gestures at you while chanting. Pain shoots through your body!
Ouch! That really hurt!
You die...

▓▓▓▓▓▓▓▓▓
▓<..#)..####
▓...#......##
▓..##.......#
▓##.##.##...#
##.##.###..#
▓#.####.##@.#
▓.###..##.@##
▓#.....##..#
###..##...#
##..##....#
#..###..##.
#..# #.. #
▓▓▓▓ ▓▓▓


You could see Jessica.

Vanquished Creatures
  2 oozes (D)
  A rat (D)
3 creatures vanquished.

Vanquished Creatures (others)
  3 hellions (D)
3 creatures vanquished.

Grand Total: 6 creatures vanquished

Notes
Turn   | Place    | Note
-------+----------+-------------------------------------------
     0 | D        | Kidiri the Deep Elf Fire Elementalist began the quest for the Orb.
     0 | D        | Reached XP level 1. HP: 10/10 MP: 6/6
    12 | D        | Reached skill level 4 in Spellcasting
    82 | D        | Killed a hellion
    82 | D        | Killed a hellion
   102 | D        | Reached XP level 2. HP: 15/15 MP: 6/9
   140 | D        | Reached skill level 5 in Spellcasting
   142 | D        | Noticed Jessica
   144 | D        | Killed a hellion
   161 | D        | Killed from afar by Jessica

Vault maps used:
D:        dungeon_sprint_mu

Skill      XL: |  1  2 |
---------------+-------+-----
Spellcasting   | 4 5 |  5.0
Conjurations   | 2 |  2.4
Fire Magic     | 4 |  4.0
Dodging        | |  2.4
Stealth        | |  2.4

Action                   || total
-------------------------++-------
Melee: Unarmed           ||     8
 Cast: Flame Tongue      ||    17
Armor: Robe              ||     1
Dodge: Dodged            ||    11

Table legend:
 A = Spawn XP
 B = Non-spawn XP
 C = Spawn XP percentage of total XP
 D = Spawn monster count
 E = Non-spawn monster count
 F = Spawn count percentage of total count
 G = Total turns spent on level
                    A         B        C        D         E        F      G
               +---------+---------+-------+---------+---------+-------+---------
         Total |       0 |      15 |   0.0 |       0 |       3 |   0.0 |   161
               +---------+---------+-------+---------+---------+-------+---------
             D |       0 |      15 |   0.0 |       0 |       3 |   0.0 |   161
               +---------+---------+-------+---------+---------+-------+---------
